 Dungeon Crawl Stone Soup version 0.23.1 (webtiles) character file.

Game seed: 12900648686316897043

60 Fang the Skirmisher (level 4, 0/29 HPs)
             Began as a Gargoyle Berserker on Mar 13, 2019.
             Was a Believer of Trog.
             Slain by an orc priest
             ... wielding a +0 trident
              (1 damage)
             ... on level 3 of the Dungeon.
             The game lasted 00:01:45 (1855 turns).

Fang the Skirmisher (Gargoyle Berserker)            Turns: 1855, Time: 00:01:45

Health: 0/29       AC:  5    Str: 21    XL:     4   Next: 6%
Magic:  4/4        EV: 12    Int:  8    God:    Trog [**....]
Gold:   98         SH:  0    Dex:  9    Spells: 3/3 levels left

rFire    . . .     SeeInvis .   a - +0 hand axe
rCold    . . .     Gourm    .   (no shield)
rNeg     + . .     Faith    .   b - +0 animal skin
rPois    ∞         Spirit   .   (no helmet)
rElec    +         Reflect  .   (no cloak)
rCorr    .         Harm     .   (no gloves)
MR       .....                  (no boots)
Stlth    +.........             (no amulet)
HPRegen  0.09/turn              (no ring)
MPRegen  0.09/turn              (no ring)

@: berserk cooldown, slowed, very slow
A: negative energy resistance 1, electricity resistance, unbreathing,
petrification resistance, rot immunity, AC +3
a: Berserk, Trog's Hand, Renounce Religion


You were on level 3 of the Dungeon.
You worshipped Trog.
Trog was pleased with you.
You were hungry.

You visited 1 branch of the dungeon, and saw 3 of its levels.

You collected 98 gold pieces.

Inventory:

Hand Weapons
 a - a +0 hand axe (weapon)
Armour
 b - a +0 animal skin (worn)
Jewellery
 n - an uncursed amulet of the acrobat {unknown}
Scrolls
 d - a scroll of amnesia {unknown}
 e - a scroll of noise {unknown}
 g - 3 scrolls of identify {unknown}
 h - a scroll of remove curse {unknown}
 j - a scroll of teleportation {unknown}
 l - a scroll of fear {unknown}
 m - a scroll of enchant armour {unknown}
Potions
 i - a potion of cancellation {unknown}
 k - a potion of heal wounds {unknown}
 o - a potion of haste {unknown}
 p - a potion of resistance {unknown}
Comestibles
 c - 6 rations


   Skills:
 + Level 3.8 Fighting
 + Level 3.1 Axes
 + Level 3.1 Armour
 + Level 2.1 Dodging


You had 3 spell levels left.
You didn't know any spells.
Your spell library was empty.

Dungeon Overview and Level Annotations

Branches:
Dungeon (3/15)

Altars:


Innate Abilities, Weirdness & Mutations

You are resistant to torment.
Your stone body is resilient. (AC +3)
You are immune to poison.
You resist negative energy. (rN+)
You are resistant to electric shocks. (rElec)
You can survive without breathing.
You are immune to petrification.
You are immune to rotting.


Message History

Beogh smites you!
* * * LOW HITPOINT WARNING * * *
The orc priest barely misses you.
You are too injured to fight recklessly!
You are too injured to fight recklessly!
You are too injured to fight recklessly!
You are too injured to fight recklessly!
You are too injured to fight recklessly!
You are too injured to fight recklessly!
You are too injured to fight recklessly!
You are too injured to fight recklessly!
You are too injured to fight recklessly!
You are too injured to fight recklessly!
You are too injured to fight recklessly!
You are too injured to fight recklessly!
You are too injured to fight recklessly!
You are too injured to fight recklessly!
You are too injured to fight recklessly!
The orc priest hits you with a +0 trident.
You die...

..........#
..........#
..........#
..........#
..........#
..........#
..........#
.......<..#######...
........(..(@.......
...........)o.......
.................###
#.####.........!.# #
..........####
#.########.# #. .# #
.#


You could see an orc priest.

Vanquished Creatures
  An ooze (D:1)
  3 dart slugs
  2 leopard geckos (D:1)
  3 orcs (D:3)
  3 giant cockroaches
  2 goblins (D:1)
  7 hobgoblins
  3 bats
  2 frilled lizards (D:1)
  9 kobolds
  8 rats
43 creatures vanquished.

Notes
Turn   | Place    | Note
-------+----------+-------------------------------------------
     0 | D:1      | Fang the Gargoyle Berserker began the quest for the Orb.
     0 | D:1      | Reached XP level 1. HP: 14/14 MP: 1/1
    31 | D:1      | Reached XP level 2. HP: 9/19 MP: 2/2
   676 | D:1      | Reached XP level 3. HP: 16/23 MP: 3/3
  1106 | D:1      | Reached ** piety under Trog
  1849 | D:3      | Reached XP level 4. HP: 29/29 MP: 4/4
  1854 | D:3      | HP: 1/29 [orc priest/divine providence (14)]
  1855 | D:3      | Slain by an orc priest

Skill      XL: |  1  2  3 |
---------------+----------+-----
Axes           | 3 |  3.1
Dodging        | 2 |  2.1
Armour         | 3 |  3.1
Fighting       | |  3.8

Action                   |  1- 3 |  4- 6 || total
-------------------------+-------+-------++-------
Melee: Hand axe          |   122 |     5 ||   127
Invok: Berserk           |     1 |       ||     1
  Eat: Chunk             |     3 |       ||     3
Armor: Animal skin       |    59 |       ||    59
Dodge: Dodged            |    87 |     4 ||    91
